 Dungeon Crawl Stone Soup version 0.29.1-15-g9cfb28693d (webtiles) character file.

Game seed: 18273127364503773293

7175 hawla the Thaumaturge (level 11, -4/81 HPs)
             Began as a Meteoran Fire Elementalist on Mar 21, 2023.
             Was an Initiate of Vehumet.
             Slain by a troll (6 damage)
             ... on level 9 of the Dungeon.
             The game lasted 00:15:30 (4870 turns).

hawla the Thaumaturge (Meteoran Fire Elementalist)  Turns: 4870, Time: 00:15:31

Health: -4/81      AC:  8    Str: 11    XL:     11   Next: 57%
Magic:  17/28      EV: 14    Int: 26    God:    Vehumet [......]
Gold:   454        SH:  0    Dex: 17    Spells: 27/34 levels left

rFire   . . .      SeeInvis .   E - +4 short sword of Filum {venom, Str+2 Int+6}
rCold   . . .      Faith    .   (no shield)
rNeg    . . .      Spirit   .   p - +0 steam dragon scales
rPois   +          Reflect  .   (no helmet)
rElec   .          Harm     .   l - +2 cloak
rCorr   +          Rampage  .   (no gloves)
Will    +....                   (no boots)
Stlth   +.........              (no amulet)
HPRegen 0.23/turn               g - ring of poison resistance
MPRegen 0.21/turn               A - ring of resist corrosion

@: glowing
A: sense surroundings 2, otherworldly, glowing, explore regen
a: Renounce Religion


You were on level 9 of the Dungeon.
You worshipped Vehumet.
Vehumet was noncommittal.
You visited 2 branches of the dungeon, and saw 10 of its levels.

You collected 454 gold pieces.

Inventory:

Hand Weapons
 r - a +2 hammer of holy wrath
 E - the +4 short sword of Filum (weapon) {venom, Str+2 Int+6}
   (You found it on level 8 of the Dungeon)

   It poisons the flesh of those it strikes.
   Str:       It affects your strength (+2).
   Int:       It affects your intelligence (+6).
Armour
 l - a +2 cloak (worn)
 n - a +0 robe of willpower
 p - +0 steam dragon scales (worn)
Jewellery
 g - a ring of poison resistance (left hand)
 A - a ring of resist corrosion (right hand)
Wands
 j - a wand of acid (9)
 y - a wand of flame (29) (quivered)
 D - a wand of polymorph (11)
Scrolls
 a - 2 scrolls of vulnerability {unknown}
 b - 8 scrolls of identify {unknown}
 d - 3 scrolls of enchant armour {unknown}
 f - a scroll of blinking {unknown}
 h - 3 scrolls of enchant weapon {unknown}
 i - a scroll of silence {unknown}
 k - 2 scrolls of teleportation {unknown}
 q - a scroll of summoning {unknown}
 s - 2 scrolls of magic mapping {unknown}
 x - a scroll of noise {unknown}
 z - a scroll of immolation {unknown}
 B - 4 scrolls of fear {unknown}
 C - 4 scrolls of amnesia {unknown}
Potions
 c - 6 potions of curing
 e - 2 potions of brilliance {unknown}
 m - a potion of attraction {unknown}
 o - a potion of heal wounds {unknown}
 t - a potion of might {unknown}
 u - 2 potions of magic
 v - a potion of haste {unknown}
 w - 2 potions of mutation {unknown}


   Skills:
 + Level 2.6 Fighting
 + Level 1.3 Short Blades
 + Level 3.5 Maces & Flails
 + Level 5.1 Dodging
 - Level 1.5 Stealth
 + Level 12.4 Spellcasting
 + Level 7.6 Conjurations
 + Level 12.2 Fire Magic
 + Level 3.1 Evocations


You had 27 spell levels left.
You knew the following spells:

 Your Spells              Type           Power      Damage    Failure   Level
a - Foxfire               Conj/Fire      100%       2x1d9     1%          1
b - Scorch                Fire           100%       2d10      1%          2
c - Flame Wave            Conj/Fire      61%        2d14      1%          4

Your spell library contained the following spells:

 Spells                   Type           Power      Damage    Failure   Level
 Magic Dart               Conj           100%       1d8       1%          1
 Searing Ray              Conj           100%       2d8       1%          2
 Conjure Flame            Conj/Fire      61%        6-21      1%          3
 Inner Flame              Hex/Fire       47%        N/A       1%          3
 Beastly Appendage        Tmut           32%        N/A       3%          1
 Sting                    Tmut/Pois      64%        1d6       3%          1
 Wereblood                Tmut           16%        N/A       5%          2
 Fulminant Prism          Conj/Hex       18%        3d11      8%          4
 Gell's Gravitas          Tloc           16%        N/A       11%         3
 Lesser Beckoning         Tloc           16%        N/A       11%         3
 Spider Form              Tmut/Pois      16%        N/A       11%         3
 Teleport Other           Tloc           16%        N/A       11%         3
 Alistair's Intoxication  Tmut/Pois      10%        N/A       69%         5


Dungeon Overview and Level Annotations

Branches:
Dungeon (9/15) Zot: 514    Temple (1/1) D:4 Zot: 598
   Lair: D:8-11         Orc: D:9-12

Altars:
Ashenzari
Cheibriados
Dithmenos
Elyvilon
Fedhas
Gozag
Hepliaklqana
Kikubaaqudgha
Makhleb
Nemelex Xobeh
Okawaru
Qazlal
Ru
Sif Muna
Uskayaw
Vehumet
Wu Jian
Xom
Yredelemnul
Zin
The Shining One

Annotations:
D:9 1 runed translucent door, Kazon's ghost, novice OgGl


Innate Abilities, Weirdness & Mutations

You passively map the area around you.
You are easily found by Zot.
You glow in the dark.
You regain HP and MP as you explore.


Message History

The bush is moderately damaged.
You finish channelling waves of flame.
The bush is engulfed in blazing flames.
The bush is engulfed in blazing flames.
The troll bites you but does no damage. The troll claws you.
The troll closely misses you.
There is a radiant altar of Vehumet here.
Casting: Flame Wave (mildly dangerous; 1% risk of failure)
Confirm with . or Enter, or press ? or * to list all spells.
Flames lash the troll.
The troll is lightly wounded.
The troll's fire resistance burns away.
The bush is engulfed in blazing flames.
A death knight opens the door.
The troll barely misses you. x2
The troll completely misses you.
Casting: Scorch (safe; 1% risk of failure)
Confirm with . or Enter, or press ? or * to list all spells.
Flames lash the troll.
The troll is burned terribly!
The troll is severely wounded.
The bush is engulfed in blazing flames.
The troll barely misses you. x2
The troll claws you.
Casting: Scorch (safe; 1% risk of failure)
Confirm with . or Enter, or press ? or * to list all spells.
Flames lash the troll.
The troll is burned terribly!
The troll is severely wounded.
The bush is engulfed in blazing flames.
The death knight mumbles some strange prayers to Yredelemnul against you.
Your body is wracked with pain!
The troll bites you!
* * * LOW HITPOINT WARNING * * *
The troll claws you!
* * * LOW HITPOINT WARNING * * *
The troll claws you.
* * * LOW HITPOINT WARNING * * *
It was a potion of curing.
You feel better.
The bush is engulfed in blazing flames.
You destroy the bush!
The troll bites you!
* * * LOW HITPOINT WARNING * * *
The troll claws you.
* * * LOW HITPOINT WARNING * * *
The troll claws you.
You die...

#.#########........... #.#
#........... #.#
###......... #.#
#####.###.....
#.#######......##.#...
#.##§.§##.####.##.#...
#...§§§......#.##.#...
#.##§.§##.####.##.#...
#.##.@.##.####'##'#...
#.#...T##'##..........
######....P..............#.
#....'.....................
######.....p...............
#.#####'#+###.......#. #.#
.#, #.###.#.#. #.# .# *#.*
#.#.#. ... , .. ......


You could see a death knight and a troll (combustible).

Vanquished Creatures
  Joseph (D:8)
  A gargoyle (D:9)
  A hornet (D:8)
  A vampire (D:8)
  2 wraiths (D:9)
  A shadow (D:5)
  A wyvern (D:9)
  4 yaks (D:9)
  An unseen horror simulacrum (D:9)
  5 steam dragons
  Grum (D:8)
  A spectral hornet (D:9)
  3 sky beasts (D:7)
  2 ice beasts
  2 orc warriors
  5 ogres
  2 wolves (D:8)
  2 centaurs
  4 kobold brigands
  Blork the orc (D:6)
  2 bullfrogs (D:7)
  2 necrophages
  A gnoll sergeant (D:4)
  2 scorpions (D:7)
  17 wights
  3 killer bees (D:9)
  An electric eel (D:7)
  3 howler monkeys (D:9)
  Crazy Yiuf (D:6)
  5 hounds
  2 jellies
  2 orc priests
  3 iguanas
  5 orc wizards
  2 centaur simulacra (D:9)
  4 adders
  5 gnolls (D:4)
  4 white imps (D:7)
  An ufetubus (D:5)
  2 worms
  2 dart slugs
  20 orcs
  A bat (D:5)
  An endoplasm (D:2)
  A giant cockroach (D:4)
  4 goblins
  A hobgoblin (D:1)
  4 quokkas
  2 ball pythons
  16 kobolds
  A bush (D:9)
161 creatures vanquished.

Vanquished Creatures (others)
  An orc (D:7)
  241 foxfires
  21 withered plants (D:9)
263 creatures vanquished.

Grand Total: 424 creatures vanquished

Notes
Turn   | Place    | Note
-------+----------+-------------------------------------------
     0 | D:1      | hawla the Meteoran Fire Elementalist began the quest for
                  | the Orb.
     0 | D:1      | Reached XP level 1. HP: 14/14 MP: 5/5
   276 | D:2      | Reached XP level 2. HP: 20/20 MP: 2/6
   281 | D:2      | Learned a level 2 spell: Scorch
   427 | D:3      | Reached XP level 3. HP: 26/26 MP: 0/8
   555 | D:4      | Reached XP level 4. HP: 33/33 MP: 5/10
   560 | D:4      | Learned a level 4 spell: Flame Wave
   596 | D:4      | Found an ancient bone altar of Kikubaaqudgha.
   617 | D:4      | Reached XP level 5. HP: 26/38 MP: 5/11
   727 | D:4      | Found a staircase to the Ecumenical Temple.
   779 | Temple   | Entered the Ecumenical Temple
   824 | D:4      | Reached XP level 6. HP: 17/45 MP: 3/12
   965 | D:4      | Reached skill level 5 in Fire Magic
  1097 | D:5      | Entered Level 5 of the Dungeon
  1153 | D:5      | Found a sacrificial altar of Ru.
  1238 | D:5      | Reached XP level 7. HP: 50/50 MP: 7/14
  1275 | D:5      | Noticed a shadow
  1286 | D:5      | Killed a shadow
  1287 | D:5      | Reached skill level 5 in Spellcasting
  1287 | D:5      | Reached skill level 5 in Conjurations
  1389 | D:5      | Got Sif Muna's Papyrus of Poisoning
  1418 | D:5      | Reached XP level 8. HP: 27/57 MP: 10/17
  1853 | D:6      | Found an iron altar of Okawaru.
  1872 | D:6      | Noticed Blork the orc
  1877 | D:6      | Killed Blork the orc
  1911 | D:6      | Noticed a steam dragon
  1920 | D:6      | Killed a steam dragon
  1947 | D:6      | Gained mutation: You passively map the area around you.
                  | [Meteoran growth]
  1947 | D:6      | Reached XP level 9. HP: 57/62 MP: 6/20
  2121 | D:6      | Found a runed translucent door.
  2122 | D:6      | Noticed Crazy Yiuf
  2127 | D:6      | Killed Crazy Yiuf
  2251 | D:6      | Found a shimmering blue altar of Sif Muna.
  2676 | D:7      | Reached XP level 10. HP: 70/70 MP: 18/24
  2743 | D:7      | Found a sparkling altar of Nemelex Xobeh.
  2746 | D:7      | Found an ornate altar of the Wu Jian Council.
  2784 | D:7      | Reached skill level 10 in Fire Magic
  2787 | D:7      | Reached skill level 10 in Spellcasting
  2910 | D:7      | Reached skill level 1 in Maces & Flails
  3066 | D:7      | Reached skill level 1 in Fighting
  3370 | D:8      | Identified the +4 short sword of Filum {venom, Str+2 Int+6}
  3380 | D:8      | Noticed Grum
  3388 | D:8      | Reached skill level 1 in Evocations
  3390 | D:8      | Killed Grum
  3474 | D:8      | Found a hazy altar of Hepliaklqana.
  3488 | D:8      | Identified the +7 falchion "Ingon" {elec, rC- Dex+5}
  3626 | D:8      | Noticed Joseph
  3627 | D:8      | Found a white marble altar of Elyvilon.
  3627 | D:8      | Found a glowing golden altar of the Shining One.
  3627 | D:8      | Found a glowing silver altar of Zin.
  3641 | D:8      | Killed Joseph
  3819 | D:8      | Reached XP level 11. HP: 54/75 MP: 21/27
  4593 | D:9      | Found a runed translucent door.
  4593 | D:9      | Found a shimmering altar of Xom.
  4593 | D:9      | Noticed Kazon's ghost (novice OgGl)
  4594 | D:9      | Noticed a +2 scimitar of chaos
  4705 | D:9      | Reached skill level 1 in Short Blades
  4705 | D:9      | Reached skill level 5 in Dodging
  4801 | D:9      | Found a radiant altar of Vehumet.
  4829 | D:9      | Became a worshipper of Vehumet
  4868 | D:9      | Noticed a death knight
  4870 | D:9      | HP: 2/81 [troll (3)]
  4870 | D:9      | Slain by a troll

Illustrated notes

Levels and vault maps discovered:
D:1:      lemuel_arrival_room, layout_loops_ring,
          hellmonk_ecumenical_altar_zigzags, minmay_misc_feat_ornament
D:2:      layout_loops_cross
D:3:      layout_rooms, trog_butcher_becter, uniq_natasha, uniq_terence
D:4:      layout_gridville, mainiacjoe_overflow_catwalk,
          minmay_temple_entry_antechambers
D:5:      layout_loops_cross, nicolae_ru_great_annihilating_truth
D:6:      layout_gridville, general_overflow_altar, amcnicky_altar_gilded,
          uniq_crazy_yiuf_cottage, uniq_blork_the_orc
D:7:      minmay_thinvault, layout_gridville, nicolae_overflow_squiral,
          minmay_crossroads
D:8:      layout_layer_cave, dreamdust_divine_triumvirate,
          mainiacjoe_overflow_small_starburst, minmay_curled_crystal,
          nzn_life_drinkers, uniq_grum, uniq_joseph
D:9:      layout_basic, mainiacjoe_overflow_tiny_flanked, ebering_ghost_xom,
          dilly_guarded_unrand_morg
Temple:   hellmonk_temple_micro_hex

Skill      XL: |  1  2  3  4  5  6  7  8  9 10 11 |
---------------+----------------------------------+-----
Spellcasting   | 3 4 5 7 9 11 12 | 12.4
Fire Magic     | 4 5 6 8 9 11 12 | 12.2
Conjurations   | 3 4 5 6 7 |  7.6
Dodging        | 3 4 5 |  5.1
Maces & Flails | 3 |  3.5
Fighting       | 1 2 |  2.6
Evocations     | 3 |  3.1
Short Blades   | 1 |  1.3
Stealth        | |  1.5

Action                   |  1- 3 |  4- 6 |  7- 9 | 10-12 || total
-------------------------+-------+-------+-------+-------++-------
Melee: Unarmed           |     5 |     3 |     3 |     5 ||    16
       Mace              |       |       |       |    53 ||    53
       Punch             |       |       |       |     3 ||     3
       Short sword       |       |       |       |    41 ||    41
 Cast: Foxfire           |    27 |    24 |    60 |    33 ||   144
       Scorch            |     7 |    13 |    51 |    42 ||   113
       Flame Wave        |       |     1 |     3 |    28 ||    32
Evoke: Wand              |       |       |       |     2 ||     2
  Use: Potion            |     1 |       |       |     1 ||     2
Armor: Robe              |     2 |     2 |     5 |       ||     9
       Steam dragon scal |       |       |       |    63 ||    63
       Skin              |       |       |       |     1 ||     1
Dodge: Dodged            |    10 |     7 |    13 |   127 ||   157
